 Dungeon Crawl Stone Soup version 0.15-a0-1485-g692b94f (console) character file.

79 Sabretooth the Scratcher (level 4, 0/21 HPs)
             Began as a Felid Fighter on June 14, 2014.
             Slain by a centaur (8 damage)
             ... on Level 5 of the Dungeon.
             The game lasted 00:09:08 (1705 turns).

Sabretooth the Scratcher (Felid Fighter)            Turns: 1705, Time: 00:09:09

HP   0/21        AC  1     Str 13      XL: 4   Next: 17%
MP   7/7         EV 19     Int 10      God:
Gold 47          SH  0     Dex 18      Spells:  0 memorised,  3 levels left
Lives: 0, deaths: 1

rFire  + . .     SeeInvis +       - Unarmed
rCold  . . .     Clarity  .     (armour unavailable)
rNeg   . . .     rCorr    .     (shield unavailable)
rPois  .         rRot     .     (helmet unavailable)
rElec  .         Spirit   .     (cloak unavailable)
SustAb .         Warding  .     (gloves unavailable)
rMut   .         Stasis   .     (boots unavailable)
Gourm  .                        (no amulet)
MR     .....                    (no ring)
                                a - +3 ring of dexterity

@: quick, not resistant to hostile enchantments, unstealthy
A: paw claws, no armour, no weapons or thrown items, antennae 1, fangs 3, see
invisible, carnivore 3, deformed body, fire resistance 1, speed 1, shaggy fur 1,
slow metabolism 1, jump 1
a: Jump Attack


You were on level 5 of the Dungeon.
You were not hungry.

You visited 2 branches of the dungeon, and saw 6 of its levels.

You collected 131 gold pieces.
You spent 84 gold pieces at shops.

Inventory:

Magical devices
 o - a wand of random effects (17)
Comestibles
 d - 2 meat rations
Scrolls
 b - 2 scrolls of remove curse {unknown}
 f - a scroll of random uselessness {unknown}
 h - a scroll of identify
 i - 2 scrolls of fear {unknown}
 j - 2 scrolls of teleportation {unknown}
 k - a scroll of noise {unknown}
 l - a scroll of fog {unknown}
 q - a scroll of enchant weapon II {unknown}
Jewellery
 a - a +3 ring of dexterity (left paw)
Potions
 c - 2 potions of heal wounds
 m - 2 potions of curing
 r - a potion of restore abilities
Books
 n - a book of Debilitation

   Spells                             Type                      Level
   Corona                             Hexes                        1
   Slow                               Hexes                        2
   Inner Flame                        Hexes/Fire                   3
   Enslavement                        Hexes                        4
   Cause Fear                         Hexes                        4
   Leda's Liquefaction                Hexes/Earth                  4


   Skills:
 - Level 3.0 Fighting
 - Level 4.0 Dodging
 + Level 6.5 Unarmed Combat


You had 3 spell levels left.
You didn't know any spells.

Dungeon Overview and Level Annotations

Branches:
Dungeon (5/15)             Temple (1/1) D:5

Altars:
Ashenzari
Elyvilon
Fedhas
Gozag
Kikubaaqudgha
Makhleb
Nemelex Xobeh
Okawaru
Qazlal
Sif Muna
Trog
Vehumet
Xom
Yredelemnul
The Shining One

Shops:
D:4 [[(*


Innate Abilities, Weirdness & Mutations

You cannot wear armour.
You are incapable of wielding weapons or throwing items.
Your paws have sharp claws.
You have razor-sharp teeth.
You have supernaturally acute eyesight.
You are carnivorous and can eat meat at any time.
You cover ground quickly.
You are covered in fur (AC +1).
You have a slow metabolism.
You can jump attack at a short distance.
You have a pair of small antennae on your head.
Your body is misshapen.
Your flesh is heat resistant.


Message History

Unknown command.
The centaur shouts!
The centaur wields a shortbow.
The centaur shoots an arrow.
The arrow misses you. The sky beast misses you.
You closely miss the sky beast. You bite the sky beast.
The sky beast is lightly wounded.
The centaur shoots an arrow.
The arrow closely misses you. The sky beast closely misses you.
You scratch the sky beast.
The sky beast is moderately wounded.
The sky beast hits you. The sky beast shocks you.
You scratch the centaur.
The centaur begins to bleed from its wounds!
The centaur is lightly wounded.
The centaur unwields an uncursed shortbow.
The centaur hits you.
You scratch the centaur.
The centaur is heavily wounded.
The centaur hits you!
You die...

#..... #..#..##
#####.....
#..#. #.
..........#
#..# #.
.........##
#..# #.
#......... ...#
#. #.......# .
#. #.......#
######.......#
.........@c..#
..........Y..#
....>.......#
...............
###############


You could see a sky beast and a centaur (bleeding).

Vanquished Creatures
  An orc priest (D:5)
  An orc wizard (D:5)
  2 adders
  2 gnolls (D:5)
  A giant gecko (D:3)
  An ooze (D:1)
  10 orcs
  6 bats
  A bat skeleton (D:5)
  4 giant cockroaches
  4 hobgoblins
  A ball python (D:3)
  6 giant newts
  4 goblins
  A jackal (D:5)
  6 kobolds
  6 rats
57 creatures vanquished.

Notes
Turn   | Place    | Note
--------------------------------------------------------------
     0 | D:1      | Sabretooth, the Felid Fighter, began the quest for the Orb.
     0 | D:1      | Reached XP level 1. HP: 10/10 MP: 2/2
   130 | D:2      | Found a blossoming altar of Fedhas.
   168 | D:2      | Found an iron altar of Okawaru.
   228 | D:2      | Found an ancient bone altar of Kikubaaqudgha.
   353 | D:2      | Reached XP level 2. HP: 14/14 MP: 3/3
   599 | D:3      | Reached skill level 5 in Unarmed Combat
   604 | D:3      | Reached XP level 3. HP: 15/17 MP: 5/5
   654 | D:2      | Found a white marble altar of Elyvilon.
   772 | D:4      | Noticed a scorpion
   787 | D:4      | Found Bugogecu's General Store.
   790 | D:4      | Bought a potion of mutation for 32 gold pieces
   790 | D:4      | Bought 2 potions of curing for 52 gold pieces
   791 | D:4      | Gained mutation: You have a pair of small antennae on your head. [potion of mutation]
   791 | D:4      | Gained mutation: Your body is misshapen. [potion of mutation]
   791 | D:4      | Gained mutation: Your flesh is heat resistant. [potion of mutation]
   836 | D:4      | Found Plog's Weapon Shop.
   938 | D:4      | Found a basalt altar of Yredelemnul.
   948 | D:4      | Found a shattered altar of Ashenzari.
   949 | D:4      | Found a shimmering altar of Xom.
   953 | D:4      | Found a radiant altar of Vehumet.
   953 | D:4      | Found an opulent altar of Gozag.
   981 | D:4      | Found Pnaatwow's Armour Shop.
  1093 | D:4      | Found Blainoq's Armour Boutique.
  1234 | D:5      | Entered Level 5 of the Dungeon
  1337 | D:5      | Noticed a scorpion
  1443 | D:5      | Reached XP level 4. HP: 11/21 MP: 7/7
  1549 | D:5      | Found a staircase to the Ecumenical Temple.
  1559 | Temple   | Entered the Ecumenical Temple
  1624 | D:5      | Noticed an ice beast
  1651 | D:5      | Noticed a centaur
  1685 | D:5      | Reached skill level 6 in Unarmed Combat
  1688 | D:5      | Reached XP level 5. HP: 13/24 MP: 8/8
  1696 | D:5      | Noticed an ogre
  1700 | D:5      | Mangled by an ogre
  1701 | D:5      | Reached XP level 4. HP: -6/21 MP: 7/7
  1701 | D:5      | Noticed a centaur
  1701 | D:5      | Noticed a sky beast
  1705 | D:5      | Slain by a centaur

Action                   |  1- 3 |  4- 6 || total
-------------------------+-------+-------++-------
Melee: Unarmed           |   100 |    40 ||   140
Evoke: Wand              |     1 |       ||     1
  Use: Scroll            |     3 |       ||     3
       Potion            |     1 |     2 ||     3
 Stab: Sleeping          |     5 |       ||     5
